AoeStats
← aaron05148834

MegaRandom

504799906Analyzed
1v1 RM · 24d ago on Sep 6, 2026· 38m 58s· 2 players
Game mode
Random Map
Map size
Tiny (2 player)
Population
200
Speed
Normal
Resources
Standard
Victory
Conquest
Starting age
Dark Age
Ending age
Imperial Age
RankedLock teamsTeams togetherTeam positionsShared explorationLock speedFull tech treeHidden civsTurbo modeCheats
Victory
Defeat
🇫🇷 Romans · France
384
+21
🇺🇸 Persians · United States
486
-23
guiTRK
0:29 Loom
11:08 Feudal Age
12:41 Wheelbarrow
11:56 Double-Bit Axe
11:54 Horse Collar
12:39 Gold Mining
13:20 Stone Mining
20:18 Castle Age
19:17 Man-at-Arms
21:24 Hand Cart
21:15 Heavy Plow
21:27 Bow Saw
21:55 Gold Shaft Mining
22:40 Fervor
25:39 Ballistas
25:38 Long Swordsman
aaron05148834
1:50 Loom
8:45 Feudal Age
9:55 Wheelbarrow
10:01 Double-Bit Axe
16:40 Horse Collar
22:42 Castle Age
26:27 Fletching
34:38 Man-at-Arms
Connection lost

Rejoining the realm…

Still unreachable

The connection could not be restored.

Session expired

The server has moved on; the page needs a fresh start.